cohdb
Replays
Latest Replays
All Replays
Popular Replays
Top Player Replays
Match Explorer
How It Works
Community
CoH3 Stats
Reddit
Sign in to upload your games and track your stats! →
Sign in with Steam
Match 46473881
Unlisted
Match 46473881
Overview
Messages
Build Orders
End
Construct Barracks
Engineer Squad
Riflemen Squad
Riflemen Squad
Grenade Package
Riflemen Squad
Construct Medical Station
Infantry Support Center
M1 Mortar Team
M1918 Browning Automatic Rifles
Construct Motor Pool
Advanced Logistics
Demolitions Package
Construct Motor Pool
Riflemen Squad
M1 Anti-tank Gun Team
Yeknod
감귤
Shans
♊ BLITZ ♊
0
0
Comments
sign in to comment!
No comments posted yet!